Map: Аура смерти РВ

Players

Azura

  • Race: Protoss Protoss
  • League: Master
  • Spawn Location: 5:00

GeNieS - Winner!

  • Race: Protoss Protoss
  • League: Grandmaster
  • Spawn Location: 11:00

VOD

Have the link to the VOD?

Description

Time

  • Played on: March 29, 2021, 4:15 p.m.
  • Length: 6:14
Show
View Real Time Build Order
Export as new Build Order

Azura Protoss 

Build Orders:  

Get SALT Encoding   

  12  0:00  Probe  
  13  0:12  Probe  
  14  0:19  Pylon  
  14  0:24  Probe (Chrono Boost)  
  15  0:39  Probe (Chrono Boost)  
  16  0:43  Gateway  
  16  0:44  Probe (Chrono Boost)  
  16  0:46  Assimilator  
  17  0:53  Probe  
  18  1:03  Assimilator  
  18  1:05  Probe (Chrono Boost)  
  18  1:09  Gateway  
  19  1:17  Probe (Chrono Boost)  
  20  1:22  Probe (Chrono Boost)  
  21  1:30  Cybernetics Core  
  21  1:31  Probe  
  22  1:41  Pylon  
  22  1:43  Probe  
  23  1:59  Probe  
  24  2:06  Stalker x2  
  24  2:07  Warp Gate  
  28  2:20  Pylon  
  28  2:22  Pylon  
  28  2:25  Probe  
  29  2:37  Stalker  
  29  2:40  Stalker  
  33  2:44  Shield Battery  
  33  3:02  Shield Battery  
  33  3:11  Probe  
  33  3:33  Nexus  
  33  3:45  Probe, Pylon  
  34  3:51  Twilight Council  
  34  3:57  Probe  
  34  3:59  Stalker x2  
  37  4:09  Probe (Chrono Boost)  
  36  4:21  Probe (Chrono Boost)  
  37  4:26  Probe (Chrono Boost)  
  38  4:36  Probe  
  39  4:41  Robotics Facility  
  38  4:47  Probe (Chrono Boost)  
  38  4:48  Probe (Chrono Boost)  
  39  4:59  Probe (Chrono Boost)  
  41  5:00  Probe (Chrono Boost)  
  41  5:04  Probe x2 (Chrono Boost)  
  43  5:13  Probe  
  44  5:17  Probe  
  45  5:23  Nexus  
  46  5:29  Observer  
  46  5:30  Probe (Chrono Boost)  
  46  5:31  Probe (Chrono Boost)  
  46  5:32  Sentry  
  46  5:35  Sentry  
  52  5:39  Probe (Chrono Boost)  
  52  5:41  Probe (Chrono Boost)  
  54  5:44  Probe (Chrono Boost)  
  55  5:51  Probe  
  55  5:56  Gateway  
  56  5:57  Probe, Gateway  
  56  6:00  Assimilator  
  56  6:04  Zealot  
Show
View Real Time Build Order
Export as new Build Order

GeNieS Protoss - Winner!

Build Orders: Oracle Opening 

Get SALT Encoding   

  12  0:00  Probe  
  13  0:12  Probe  
  14  0:18  Pylon  
  14  0:24  Probe (Chrono Boost)  
  15  0:36  Gateway  
  15  0:38  Probe (Chrono Boost)  
  15  0:42  Probe (Chrono Boost)  
  16  0:45  Assimilator  
  17  0:53  Probe  
  17  0:54  Assimilator  
  18  1:05  Gateway  
  18  1:06  Probe (Chrono Boost)  
  19  1:16  Probe (Chrono Boost)  
  20  1:21  Probe (Chrono Boost)  
  20  1:24  Cybernetics Core  
  21  1:33  Probe  
  21  1:37  Pylon  
  22  1:45  Probe  
  23  2:01  Stargate  
  23  2:03  Adept x2  
  23  2:07  Warp Gate  
  27  2:41  Oracle (Chrono Boost)  
  27  2:43  Nexus  
  30  2:55  Pylon  
  30  3:03  Robotics Facility  
  28  3:21  Oracle (Chrono Boost)  
  29  3:31  Shield Battery  
  29  3:35  Probe  
  30  3:51  Immortal (Chrono Boost)  
  30  3:52  Probe  
  35  3:56  Zealot  
  35  3:57  Zealot  
  35  3:58  Probe  
  40  4:10  Probe x2  
  42  4:22  Probe, Sentry  
  45  4:28  Observer (Chrono Boost)  
  45  4:30  Pylon  
  46  4:35  Pylon x2  
  46  4:46  Immortal (Chrono Boost)  
  46  4:48  Probe x2  
  52  4:54  Zealot  
  54  5:00  Sentry  
  54  5:01  Probe x2  
  58  5:08  Pylon  
  58  5:13  Probe x2  
  60  5:17  Immortal (Chrono Boost)  
  64  5:25  Probe  
  64  5:26  Adept x2  
  64  5:27  Probe  
  70  5:37  Probe  
  70  5:39  Probe  
  72  5:48  Zealot x2  
  76  5:55  Nexus  
  76  5:57  Probe  
  76  5:58  Pylon  
Tags
 
Add a new tag
Caveats
  • Supply blocks, unpowered buildings, or Contaminate may cause inaccurate times.
  • Supply counts are checked every 10 seconds.